 Dungeon Crawl Stone Soup version 0.29.1-15-g9cfb28693d (webtiles) character file.

Game seed: 13471666263752504348

77 hawla the Firebug (level 4, -8/36 HPs)
             Began as a Meteoran Fire Elementalist on Mar 2, 2023.
             Shot with an arrow by a centaur (9 damage)
             ... on level 4 of the Dungeon.
             The game lasted 00:03:28 (621 turns).

hawla the Firebug (Meteoran Fire Elementalist)       Turns: 621, Time: 00:03:29

Health: -8/36      AC:  2    Str:  6 (9)  XL:     4   Next: 89%
Magic:  2/10       EV: 12    Int: 16 (18) God:
Gold:   134        SH:  0    Dex: 14 (15) Spells: 2/9 levels left

rFire   . . .      SeeInvis .   (no weapon)
rCold   . . .      Faith    .   (no shield)
rNeg    . . .      Spirit   .   e - +0 robe "Plog" {rPois}
rPois   +          Reflect  .   (no helmet)
rElec   .          Harm     .   (no cloak)
rCorr   .          Rampage  .   (no gloves)
Will    .....      Rage     3%  (no boots)
Stlth   +.........              (no amulet)
HPRegen 0.12/turn               (no ring)
MPRegen 0.12/turn               (no ring)

@: flying, glowing
A: sense surroundings 1, otherworldly, glowing, explore regen, berserk 1, robust
1
a: no special abilities


You were on level 4 of the Dungeon.
You visited 1 branch of the dungeon, and saw 4 of its levels.

You collected 134 gold pieces.

Inventory:

Armour
 e - the +0 robe "Plog" (worn) {rPois}
   (You found it on level 3 of the Dungeon)

   rPois:     It protects you from poison.
Scrolls
 f - 2 scrolls of brand weapon


   Skills:
 - Level 0.2 Fighting
 - Level 2.8 Dodging
 - Level 1.4 Stealth
 - Level 3.3 Spellcasting
 + Level 2.5 Conjurations
 - Level 4.9 Fire Magic


You had 2 spell levels left.
You knew the following spells:

 Your Spells              Type           Power      Damage    Failure   Level
a - Foxfire               Conj/Fire      56%        2x1d6     3%          1
b - Scorch                Fire           36%        2d6       3%          2
c - Flame Wave            Conj/Fire      14%        2d6       36%         4

Your spell library contained the following spells:

 Spells                   Type           Power      Damage    Failure   Level
 Conjure Flame            Conj/Fire      14%        6-21      12%         3
 Inner Flame              Hex/Fire       10%        N/A       21%         3


Dungeon Overview and Level Annotations

Branches:
Dungeon (4/15) Zot: 1778
 Temple: D:4-7

Altars:


Innate Abilities, Weirdness & Mutations

You passively map a small area around you.
You are easily found by Zot.
You glow in the dark.
You regain HP and MP as you explore.
You sometimes lose your temper in combat.
You are robust. (+10% HP)


Message History

You finish channelling waves of flame.
You hear an angry hiss.
Casting: Flame Wave (extremely dangerous; 34% risk of failure)
Confirm with . or Enter, or press ? or * to list all spells.
You conjure some foxfire!
The foxfire hits the jackal.
The jackal is severely wounded.
It was a potion of degeneration.
There was something very wrong with that liquid.
You feel weakened.
You feel dopey.
You feel clumsy.
The foxfire hits the jackal.
You kill the jackal!
The centaur wields a +0 shortbow.
The centaur shoots an arrow.
The arrow hits you.
It was a potion of curing.
You feel better.
The centaur shoots an arrow.
The arrow barely misses you.
An orc comes into view. It is wielding a +2 whip of venom.
It was a potion of flight.
You feel very buoyant.
You fly up into the air.
The centaur shoots an arrow.
The arrow hits you!
The centaur shoots an arrow.
The arrow completely misses you.
Unknown command.
Okay, then.
It was a potion of mutation.
You feel extremely strange.
You feel a little pissed off.
You feel robust.
As you read the scroll labelled SEQEUCZ LONOE, it crumbles to dust.
It is a scroll of brand weapon.
You aren't carrying any weapons that can be branded.
The centaur shoots an arrow.
The arrow hits you!
* * * LOW HITPOINT WARNING * * *
The centaur shoots an arrow.
The arrow closely misses you.
The centaur shoots an arrow.
The arrow hits you.
* * * LOW HITPOINT WARNING * * *
The centaur shoots an arrow.
The arrow completely misses you.
The centaur unwields a +0 shortbow.
The centaur hits you.
* * * LOW HITPOINT WARNING * * *
The centaur kicks you.
* * * LOW HITPOINT WARNING * * *
The centaur wields a +0 shortbow.
The centaur shoots an arrow.
The arrow hits you!
You die...

, *####.......# #.
* * ** #.#######
#. * , ,..#.# #. *
#.#.##### #. ,
#.#.#..># #. *, ,
#.#.....# #. * ...
#.###...# ##. * *
#.#
###.####.#######.#
, ,, ...*
#@................
* #.#
#.#.......######<#
#o####c#.#####.##
#... * #c#......#
#..## ##.#
#######†#....#.#
##..###...
...............#
##...##[# *
#.####..#####..#
###.#... #..# #..#
#.##†# * * #..#
#..# #.#...


You could see a centaur.

Vanquished Creatures
  5 adders
  A worm (D:2)
  An orc (D:4)
  3 bats (D:3)
  An endoplasm (D:1)
  A giant cockroach (D:4)
  2 goblins (D:3)
  2 hobgoblins
  4 jackals (D:4)
  3 ball pythons
  4 kobolds
  A rat (D:3)
28 creatures vanquished.

Vanquished Creatures (others)
  63 foxfires
63 creatures vanquished.

Grand Total: 91 creatures vanquished

Notes
Turn   | Place    | Note
-------+----------+-------------------------------------------
     0 | D:1      | hawla the Meteoran Fire Elementalist began the quest for
                  | the Orb.
     0 | D:1      | Reached XP level 1. HP: 14/14 MP: 5/5
    70 | D:2      | Reached XP level 2. HP: 5/20 MP: 6/6
    78 | D:2      | Reached skill level 4 in Fire Magic
   104 | D:3      | Identified the +0 robe "Plog" {rPois}
   169 | D:3      | Reached XP level 3. HP: 26/26 MP: 3/8
   295 | D:3      | Reached XP level 4. HP: 33/33 MP: 7/9
   300 | D:3      | Learned a level 2 spell: Scorch
   479 | D:4      | Learned a level 4 spell: Flame Wave
   605 | D:4      | Noticed a centaur
   613 | D:4      | Gained mutation: You sometimes lose your temper in combat.
                  | [potion of mutation]
   613 | D:4      | Gained mutation: You are robust. (+10% HP) [potion of
                  | mutation]
   620 | D:4      | HP: 1/36 [centaur (1)]
   621 | D:4      | Shot with an arrow by a centaur

Illustrated notes

Levels and vault maps discovered:
D:1:      lemuel_arrival_hallway, layout_loops_corners,
          shapermc_ecumenical_altar_hornbeckon
D:2:      layout_rooms, uniq_robin, uniq_jessica, uniq_sigmund
D:3:      layout_rooms, columned_hall_lemuel
D:4:      minmay_spotlight, layout_loops_ring,
          grunt_temple_overflow_order_and_chaos_2, palyth_temple_overflow_mages,
          ebering_ghost_sewer_f, nicolae_concentric_dashed_squares_mild,
          st_stairs_13, kennysheep_another_room, guppyfry_early_orc_mine

Skill      XL: |  1  2  3  4 |
---------------+-------------+-----
Fire Magic     | 4 |  4.9
Spellcasting   | 3 |  3.3
Conjurations   | 2 |  2.5
Fighting       | |  0.2
Dodging        | |  2.8
Stealth        | |  1.4

Action                   |  1- 3 |  4- 6 || total
-------------------------+-------+-------++-------
Melee: Unarmed           |     2 |       ||     2
 Cast: Foxfire           |    29 |    10 ||    39
       Scorch            |       |     3 ||     3
       Flame Wave        |       |     1 ||     1
  Use: Potion            |     1 |     4 ||     5
       Scroll            |       |     2 ||     2
Armor: Robe              |     2 |     1 ||     3
Dodge: Dodged            |     7 |     5 ||    12
